 Dungeon Crawl Stone Soup version 0.27-a0-1529-g1e82c303ef (webtiles) character file.

Game seed: 16519082078874773917

425 Morbidden the Stinger (level 6, 0/44 HPs)
             Began as a Demonspawn Venom Mage on July 12, 2021.
             Was an Initiate of Vehumet.
             Slain by a gnoll (3 damage)
             ... on level 5 of the Dungeon.
             The game lasted 00:05:35 (4313 turns).

Morbidden the Stinger (Demonspawn Venom Mage)       Turns: 4313, Time: 00:05:35

Health: 0/44       AC:  5    Str: 10    XL:     6   Next: 64%
Magic:  11/11      EV: 11    Int: 17    God:    Vehumet [......]
Gold:   144        SH:  0    Dex: 13    Spells: 9/12 levels left

rFire    . . .     SeeInvis .   b - +2 dagger (venom)
rCold    . . .     Faith    .   (no shield)
rNeg     . . .     Spirit   .   h - +0 leather armour {Will+}
rPois    .         Reflect  .   (no helmet)
rElec    .         Harm     .   r - scarf {repulsion}
rCorr    .         Rampage  .   (no gloves)
Will     +....                  (no boots)
Stlth    ++........             f - amulet of magic regeneration
HPRegen  0.14/turn              (no ring)
MPRegen  0.37/turn              (no ring)

@: mighty, repel missiles
A: hooves 1, icy blue scales 1, spiny 1
a: Renounce Religion


You were on level 5 of the Dungeon.
You worshipped Vehumet.
Vehumet was noncommittal.
You visited 2 branches of the dungeon, and saw 6 of its levels.

You collected 182 gold pieces.
You spent 38 gold pieces at shops.

Inventory:

Hand Weapons
 a - a +2 short sword of speed
 b - a +2 dagger of venom (weapon)
Armour
 h - a +0 leather armour of willpower (worn)
 r - a scarf of repulsion (worn)
Jewellery
 f - an amulet of magic regeneration (around neck)
Wands
 g - a wand of polymorph (3)
Scrolls
 c - a scroll of identify {unknown}
 d - 2 scrolls of noise {unknown}
 i - 3 scrolls of magic mapping
 j - a scroll of enchant armour {unknown}
 o - a scroll of torment {unknown}
 p - 3 scrolls of fog {unknown}
Potions
 e - 4 potions of curing
 k - a potion of heal wounds
 l - a potion of attraction {unknown}
 m - a potion of might
 n - a potion of flight {unknown}
 q - a potion of mutation {unknown}


   Skills:
 * Level 2.1 Fighting
 * Level 1.5 Short Blades
 + Level 1.0 Armour
 + Level 1.9 Dodging
 + Level 2.0 Stealth
 * Level 3.6 Spellcasting
 * Level 2.1 Transmutations
 * Level 1.5 Air Magic
 * Level 4.4 Poison Magic


You had 9 spell levels left.
You knew the following spells:

 Your Spells              Type           Power      Damage    Failure   Level
a - Sting                 Tmut/Pois      56%        1d5       6%          1
b - Poisonous Vapours     Pois/Air       26%        N/A       10%         2

Your spell library contained the following spells:

 Spells                   Type           Power      Damage    Failure   Level
 Mephitic Cloud           Conj/Pois/Air  9%         N/A       28%         3
 Olgreb's Toxic Radiance  Pois           18%        N/A       34%         4


Dungeon Overview and Level Annotations

Branches:
Dungeon (5/15)             Temple (1/1) D:4

Altars:
Ashenzari
Cheibriados
Dithmenos
Elyvilon
Fedhas
Hepliaklqana
Kikubaaqudgha
Makhleb
Qazlal
Ru
Sif Muna
Trog
Uskayaw
Vehumet
Wu Jian
Xom
Yredelemnul
Zin
The Shining One

Shops:
D:3 ?   D:4 ?   D:5 :


Innate Abilities, Weirdness & Mutations

You have large cloven feet.
You are partially covered in icy blue scales. (AC +2)
You are partially covered in sharp spines.


Message History

Unknown command.
It was a potion of heal wounds.
You feel much better. The gnoll hits you but does no damage.
The necrophage hits you.
You feel drained.
Unknown command.
Unknown command.
It was a potion of might.
You feel very mighty all of a sudden. The gnoll is struck by your spines.
The gnoll barely misses you.
The necrophage is struck by your spines.
The necrophage hits you!
Unknown command.
You puncture the necrophage! You kick the necrophage.
You destroy the necrophage!
Vehumet accepts your kill. The gnoll is struck by your spines.
You kill the gnoll!
Vehumet accepts your kill. The gnoll sergeant misses you.
Your life force feels restored.
Your Armour skill increases to level 1!
Your Stealth skill increases to level 2!
The gnoll sergeant hits you with a +0 trident!
The gnoll barely misses you.
You see here a +0 whip.
You hit the gnoll sergeant.
The gnoll sergeant is poisoned.
You kick the gnoll sergeant, but do no damage.
The gnoll sergeant is lightly wounded.
The gnoll sergeant hits you with a +0 trident!
* * * LOW HITPOINT WARNING * * *
The gnoll barely misses you.
You puncture the gnoll sergeant!
The gnoll sergeant looks as sick as possible!
Your kick misses the gnoll sergeant.
The gnoll sergeant is heavily wounded.
The gnoll sergeant is struck by your spines.
The gnoll sergeant hits you with a +0 trident.
* * * LOW HITPOINT WARNING * * *
The gnoll hits you from afar with a +0 spear.
You die...

# #.#### #....## #.)#
# ##@# ##. .#.
#g####....... ##
#####gg....##...
#..##...og...##...
#...o.#g......#.#
##...#....†......#
#.....#.#......<###.
#....$..............#
#.......#.......##..#


You could see a gnoll sergeant (extremely poisoned), 3 gnolls and an orc.

Vanquished Creatures
  2 necrophages
  An orc priest (D:4)
  A hound (D:5)
  Ijyb (D:3)
  An iguana (D:4)
  A gnoll (D:5)
  5 adders
  3 worms
  3 dart slugs
  4 orcs
  4 endoplasms
  7 giant cockroaches
  6 goblins
  5 hobgoblins
  5 jackals
  5 kobolds
  2 quokkas
  10 ball pythons
  4 bats
  6 rats
76 creatures vanquished.

Vanquished Creatures (others)
  A bush (D:5)
  4 fungi (D:5)
  A plant (D:2)
6 creatures vanquished.

Grand Total: 82 creatures vanquished

Notes
Turn   | Place    | Note
-------+----------+-------------------------------------------
     0 | D:1      | Morbidden the Demonspawn Venom Mage began the quest for the
                  | Orb.
     0 | D:1      | Reached XP level 1. HP: 13/13 MP: 3/3
   239 | D:1      | Reached skill level 1 in Transmutations
   295 | D:1      | Found a faded altar of an unknown god.
   304 | D:1      | Gained mutation: You have large cloven feet. [demonic
                  | ancestry]
   304 | D:1      | Reached XP level 2. HP: 19/19 MP: 1/5
   307 | D:1      | Learned a level 2 spell: Poisonous Vapours
   882 | D:1      | Gained mutation: You are partially covered in sharp spines.
                  | [demonic ancestry]
   882 | D:1      | Reached XP level 3. HP: 21/25 MP: 3/6
  1934 | D:3      | Reached skill level 4 in Poison Magic
  1945 | D:3      | Reached skill level 1 in Fighting
  1945 | D:3      | Reached XP level 4. HP: 22/32 MP: 1/7
  2045 | D:3      | Noticed Ijyb
  2060 | D:3      | Killed Ijyb
  2205 | D:3      | Found Wamast's Magic Scroll Shop.
  2210 | D:3      | Bought a scroll of magic mapping for 38 gold pieces
  2213 | D:3      | Found a burning altar of Makhleb.
  2628 | D:3      | Found a shadowy altar of Dithmenos.
  2787 | D:4      | Noticed a necrophage
  2798 | D:4      | Killed a necrophage
  2799 | D:4      | Reached skill level 1 in Air Magic
  2799 | D:4      | Reached XP level 5. HP: 27/37 MP: 9/9
  3422 | D:4      | Found Ucuywiw's Magic Scroll Shop.
  3494 | D:4      | Found a staircase to the Ecumenical Temple.
  3506 | Temple   | Entered the Ecumenical Temple
  3648 | Temple   | Became a worshipper of Vehumet
  3764 | D:4      | Gained mutation: You are partially covered in icy blue
                  | scales. (AC +2) [demonic ancestry]
  3764 | D:4      | Reached XP level 6. HP: 42/44 MP: 10/10
  4199 | D:5      | Entered Level 5 of the Dungeon
  4199 | D:5      | Found Jocvayp's Book Boutique.
  4220 | D:5      | Reached skill level 1 in Short Blades
  4311 | D:5      | Reached skill level 1 in Armour
  4313 | D:5      | Slain by a gnoll

Illustrated notes

Levels and vault maps discovered:
D:1:      elethiomel_arrival_quiet, layout_basic,
          hellmonk_ecumenical_altar_leap_of_faith
D:2:      layout_loops_cross, minmay_shallow_snake_nest
D:3:      layout_loops_ring, nicolae_overflow_hidden_temple, serial_shops, shop,
          roderic_nine_men_s_morris, uniq_ijyb
D:4:      layout_loops_cross, minmay_temple_entry_antechambers, serial_shops,
          shop
D:5:      layout_rooms, serial_shops, shop, uniq_crazy_yiuf_cottage,
          uniq_grinder, uniq_blork_the_orc
Temple:   eino_temple_scatter_basement

Skill      XL: |  1  2  3  4  5  6 |
---------------+-------------------+-----
Transmutations | 1 2 |  2.1
Poison Magic   | 4 |  4.4
Fighting       | 1 2 |  2.1
Spellcasting   | 3 |  3.6
Air Magic      | 1 |  1.5
Short Blades   | 1 |  1.5
Armour         | 1 |  1.0
Stealth        | 2 |  2.0
Dodging        | |  1.9

Action                   |  1- 3 |  4- 6 || total
-------------------------+-------+-------++-------
Melee: Unarmed           |     6 |       ||     6
       Dagger            |     8 |    26 ||    34
       Short sword       |    34 |    22 ||    56
       Kick              |     9 |    12 ||    21
 Cast: Sting             |    36 |    24 ||    60
       Poisonous Vapours |    15 |    19 ||    34
  Use: Potion            |       |     3 ||     3
 Stab: Sleeping          |     1 |     3 ||     4
       Distracted        |       |     1 ||     1
Armor: Robe              |     2 |       ||     2
       Leather armour    |       |    11 ||    11
Dodge: Dodged            |    29 |    37 ||    66

Table legend: (Time is in decaauts)
 A = Elapsed time spent in this place.
 B = Non-inter-level travel time spent in this place.
 C = Inter-level travel time spent in this place.
 D = Time resting spent in this place.
 E = Time spent auto-exploring this place.
 F = Levels seen in this place.
 G = Mean time per level.
                   A        B        C        D        E       F      G
               +--------+--------+--------+--------+--------+-----+--------+
         Total |   4294 |   4113 |    181 |    257 |   3312 |   6 |  715.7 |
       Dungeon |   4138 |   3969 |    169 |    257 |   3175 |   5 |  827.6 |
        Temple |    155 |    143 |     12 |      0 |    137 |   1 |  155.0 |
               +--------+--------+--------+--------+--------+-----+--------+

Top non-repeatable levels by time:
     D:3: 1149 daAuts
     D:4: 1040 daAuts
     D:1: 998 daAuts
     D:2: 836 daAuts
  Temple: 155 daAuts
     D:5: 113 daAuts
